 Dungeon Crawl Stone Soup version 0.29-a0-1023-g6ae1a4a2c7 (webtiles) character file.

Game seed: 5184467597845804400

779 Newt the Chopper (level 7, -2/87 HPs)
             Began as a Palentonga Monk on Aug 11, 2022.
             Slain by an orc warrior
             ... wielding a +0 battleaxe
              (5 damage)
             ... on level 5 of the Dungeon.
             The game lasted 00:07:18 (5938 turns).

Newt the Chopper (Palentonga Monk)                  Turns: 5938, Time: 00:07:18

Health: -2/87      AC: 23    Str: 18    XL:     7   Next: 54%
Magic:  0/7        EV:  1    Int: 10    God:
Gold:   272        SH:  0    Dex: 20    Spells: 6/6 levels left

rFire   . . .      SeeInvis +   f - +0 war axe
rCold   . . .      Faith    .   (no shield)
rNeg    . . .      Spirit   +   (body armour currently unavailable)
rPois   +          Reflect  .   (helmet currently unavailable)
rElec   .          Harm     .   (cloak currently unavailable)
rCorr   .          Rampage  .   (gloves currently unavailable)
Will    .....      NoTele   +   (no barding)
Stlth   ++........              i - amulet of guardian spirit
HPRegen 0.24/turn               c - ring "Liaff" {Fly Dex+7}
MPRegen 0.10/turn               (no ring)

@: mighty, lethally poisoned (-2 -> -10), tree-form
A: stationary, stasis, torment immunity, boosted hp, large, rugged brown scales
3, see invisible, (deformed body), (roll 1), (armoured tail), (reflexive curl)
a: no special abilities


You were on level 5 of the Dungeon.
You were a tree.
You visited 1 branch of the dungeon, and saw 5 of its levels.

You collected 272 gold pieces.

Inventory:

Hand Weapons
 a - a +0 hand axe
 f - a +0 war axe (weapon)
Armour
 b - a +1 robe
 e - a +0 ring mail (melded)
 g - a +0 cloak (melded)
Jewellery
 c - the ring "Liaff" (left branch) {Fly Dex+7}
   (You acquired it on level 5 of the Dungeon)

   [ring of flight]

   Dex:       It affects your dexterity (+7).
   Fly:       It grants you flight.
 i - an amulet of guardian spirit (around neck)
Scrolls
 d - a scroll of butterflies
 h - a scroll of summoning
 n - a scroll of teleportation
 p - a scroll of magic mapping
 r - a scroll of amnesia {unknown}
Potions
 j - a potion of cancellation
 k - 2 potions of curing
 l - a potion of lignification
 m - a potion of resistance {unknown}
 o - a potion of berserk rage {unknown}
 q - a potion of flight {unknown}
 s - a potion of degeneration {unknown}
 t - a potion of experience {unknown}
 u - a potion of might


   Skills:
 + Level 4.9 Fighting
 - Level 7.0 Axes
 + Level 4.1 Dodging
 - Level 1.2 Stealth


You had 6 spell levels left.
You didn't know any spells.
Your spell library contained the following spells:

 Spells                   Type           Power      Damage    Failure   Level
 Apportation              Tloc           0%         N/A       36%         1
 Ensorcelled Hibernation  Hex/Ice        0%         N/A       50%         2
 Ozocubu's Armour         Ice            0%         N/A       75%         3
 Spider Form              Tmut/Pois      0%         N/A       75%         3
 Anguish                  Hex/Necr       0%         N/A       98%         4
 Metabolic Englaciation   Hex/Ice        0%         N/A       100%        5
 Simulacrum               Ice/Necr       0%         N/A       100%        6


Dungeon Overview and Level Annotations

Branches:
Dungeon (5/15)
 Temple: D:4-7

Altars:


Innate Abilities, Weirdness & Mutations

You are a tree.
Your roots penetrate the ground, keeping you stationary.
You cannot be teleported.
You are immune to unholy pain and torment.
Your maximum health is greatly increased.
Your equipment is partially melded.
(You are completely covered in rugged brown scales. (AC +3, +7% HP))
You have supernaturally acute eyesight. (SInv)
((Armour fits poorly on your strangely shaped body.))
((You can roll at nearby foes to attack.))
((You have a long armoured tail.))
((You curl defensively after being hit. (AC +7*)))


Message History

The orc warrior hits you but does no damage.
You barely miss the orc warrior.
The orc warrior is moderately wounded.
You hit the orc.
You kill the orc!
The orc priest mumbles some strange prayers to Beogh against you.
Beogh smites you!
The orc warrior hits you with a +0 battleaxe!
* * * LOW HITPOINT WARNING * * *
The scorpion stings you but does no damage.
You slash the orc warrior!
The orc warrior is heavily wounded.
You slash the scorpion!
The scorpion stings you but does no damage.
The orc warrior hits you with a +0 battleaxe!
* * * LOW HITPOINT WARNING * * *
Unknown command.
You feel better.
The scorpion stings you but does no damage.
The orc warrior hits you but does no damage.
Unknown command.
You completely miss the orc warrior.
The orc warrior is heavily wounded.
You barely miss the scorpion.
The scorpion stings you but does no damage.
The orc warrior hits you with a +0 battleaxe!
* * * LOW HITPOINT WARNING * * *
The orc priest looks satisfied for a moment.
The scorpion stings you but does no damage.
You barely miss the orc warrior.
The orc warrior is heavily wounded.
You barely miss the scorpion.
The orc warrior hits you with a +0 battleaxe.
* * * LOW HITPOINT WARNING * * *
The scorpion stings you.
* * * LOW HITPOINT WARNING * * *
You are lethally poisoned!
The scorpion poisons you!
The orc warrior hits you with a +0 battleaxe.
You die...

###....
.#.#. .....
... .!. #o#
#s#####.#
#♣o.....#
##'#######
##.(.##
##.....##
##.......##
#.........#
+)........+
#.........#
##.......##


You could see an orc warrior, a scorpion and an orc priest.

Vanquished Creatures
  Grinder (D:3)
  A black bear (D:5)
  A phantom (D:5)
  A gnoll sergeant (D:5)
  2 jellies
  2 iguanas
  An orc wizard (D:5)
  Robin (D:3)
  4 gnolls (D:5)
  5 adders
  An ufetubus (D:4)
  A worm (D:2)
  A dart slug (D:2)
  22 orcs
  3 endoplasms
  3 giant cockroaches
  17 goblins
  5 hobgoblins
  2 jackals (D:5)
  5 quokkas
  9 ball pythons
  3 bats
  2 frilled lizards (D:1)
  14 kobolds
  4 rats
111 creatures vanquished.

Vanquished Creatures (others)
  A butterfly (D:5)
1 creature vanquished.

Grand Total: 112 creatures vanquished

Notes
Turn   | Place    | Note
-------+----------+-------------------------------------------
     0 | D:1      | Newt the Palentonga Monk began the quest for the Orb.
     0 | D:1      | Reached XP level 1. HP: 19/19 MP: 1/1
   295 | D:1      | Reached XP level 2. HP: 25/25 MP: 2/2
   487 | D:1      | Found a faded altar of an unknown god.
   495 | D:1      | Got Plato's Volume of the Jaunt
  1014 | D:1      | Reached skill level 4 in Axes
  1262 | D:2      | Reached XP level 3. HP: 25/31 MP: 3/3
  1903 | D:2      | Reached XP level 4. HP: 30/37 MP: 4/4
  1992 | D:2      | Reached skill level 5 in Axes
  2432 | D:3      | Noticed Robin
  2689 | D:3      | Killed Robin
  3108 | D:3      | Noticed Grinder
  3137 | D:3      | Killed Grinder
  3138 | D:3      | Reached skill level 6 in Axes
  3138 | D:3      | Reached XP level 5. HP: 41/43 MP: 5/5
  3138 | D:3      | Reached XP level 6. HP: 48/50 MP: 6/6
  3148 | D:3      | Reached skill level 7 in Axes
  5000 | D:5      | Entered Level 5 of the Dungeon
  5317 | D:5      | Identified a scroll of acquirement
  5317 | D:5      | Acquired the ring "Liaff" {Fly Dex+7}
  5468 | D:5      | Gained mutation: You curl defensively after being hit. (AC
                  | +7*) [Palentonga growth]
  5468 | D:5      | Reached XP level 7. HP: 57/57 MP: 7/7
  5480 | D:5      | HP: 2/58 [gnoll/+0 spear[a gnoll sergeant] (8)]
  5938 | D:5      | HP: 3/87 [scorpion (3)]
  5938 | D:5      | Slain by an orc warrior

Illustrated notes

Levels and vault maps discovered:
D:1:      dpeg_arrival_rooms_a, layout_basic,
          shapermc_ecumenical_altar_rom_forum
D:2:      layout_rooms, grunt_ministairs_11
D:3:      layout_basic, nicolae_eternal_life, chequers_jeans, uniq_robin,
          uniq_grinder
D:4:      layout_loops_ring, kennysheep_potato
D:5:      layout_loops_corners, nicolae_elyvilon_peaceful_grove

Skill      XL: |  1  2  3  4  5  6  7 |
---------------+----------------------+-----
Axes           | 4 6 7 |  7.0
Dodging        | 3 4 |  4.1
Fighting       | 4 |  4.9
Stealth        | |  1.2

Action                   |  1- 3 |  4- 6 |  7- 9 || total
-------------------------+-------+-------+-------++-------
Melee: Hand axe          |   104 |   169 |       ||   273
       Tailslap          |    11 |    32 |     8 ||    51
       War axe           |       |     2 |    48 ||    50
       Punch             |       |     1 |       ||     1
 Abil: Rolling Charge    |     7 |     6 |     2 ||    15
  Use: Scroll            |     6 |     9 |       ||    15
       Potion            |     1 |     1 |     4 ||     6
 Stab: Sleeping          |     3 |       |       ||     3
Armor: Robe              |    35 |       |       ||    35
       Ring mail         |     3 |    45 |    16 ||    64
       Skin              |       |       |    25 ||    25
Dodge: Dodged            |    52 |    66 |    23 ||   141

Table legend: (Time is in decaauts)
 A = Elapsed time spent in this place.
 B = Non-inter-level travel time spent in this place.
 C = Inter-level travel time spent in this place.
 D = Time resting spent in this place.
 E = Time spent auto-exploring this place.
 F = Levels seen in this place.
 G = Mean time per level.
                   A        B        C        D        E       F      G
               +--------+--------+--------+--------+--------+-----+--------+
         Total |   5952 |   5827 |    125 |    930 |   4128 |   5 | 1190.4 |
       Dungeon |   5952 |   5827 |    125 |    930 |   4128 |   5 | 1190.4 |
               +--------+--------+--------+--------+--------+-----+--------+

Top non-repeatable levels by time:
     D:3: 1497 daAuts
     D:1: 1198 daAuts
     D:2: 1166 daAuts
     D:4: 1148 daAuts
     D:5: 942 daAuts
